 Dungeon Crawl Stone Soup version 0.28.0 (webtiles) character file.

Game seed: 18260165911557261046

2303 spaghetti the Summoner (level 9, -4/57 HPs)
             Began as a Mummy Summoner on Feb 19, 2022.
             Was an Elder of Cheibriados.
             Slain by a gnoll (6 damage)
             ... on level 7 of the Dungeon.
             The game lasted 00:18:54 (9131 turns).

spaghetti the Summoner (Mummy Summoner)             Turns: 9131, Time: 00:18:54

Health: -4/57      AC:  3    Str: 21    XL:     9   Next: 18%
Magic:  12/13      EV:  6    Int: 27    God:    Cheibriados [****..]
Gold:   281        SH:  0    Dex: 21    Spells: 3/13 levels left

rFire   x . .      SeeInvis .   r - +5 mace
rCold   + . .      Faith    .   (no shield)
rNeg    + + +      Spirit   .   a - +0 robe
rPois   ∞          Reflect  .   p - +0 helmet
rElec   .          Harm     .   (no cloak)
rCorr   .          Rampage  .   (no gloves)
Will    +....                   (no boots)
Stlth   ++........              e - amulet of magic regeneration
HPRegen 0.19/turn               m - +4 ring of slaying
MPRegen 0.53/turn               (no ring)

@: held, very slow
A: cold resistance 1, negative energy resistance 3, torment resistance 2, heat
vulnerability 1, no potions
a: Renounce Religion, Bend Time, Temporal Distortion, Slouch


You were on level 7 of the Dungeon.
You worshipped Cheibriados.
Cheibriados was greatly pleased with you.
You visited 1 branch of the dungeon, and saw 7 of its levels.

You collected 281 gold pieces.

Inventory:

Hand Weapons
 r - a +5 mace (weapon)
Armour
 a - a +0 robe (worn)
 p - a +0 helmet (worn)
Jewellery
 c - an amulet of guardian spirit
 e - an amulet of magic regeneration (around neck)
 m - a +4 ring of slaying (left hand)
 n - a ring of resist corrosion
 o - a ring of fire
Wands
 g - a wand of mindburst (1)
 h - a wand of digging (5)
 j - a wand of polymorph (9)
Scrolls
 b - a scroll of identify
 d - a scroll of holy word
 f - a scroll of noise
 i - a scroll of amnesia
 k - a scroll of enchant armour
 l - 5 scrolls of enchant weapon
 q - a scroll of magic mapping
 s - a scroll of fog
 t - a scroll of silence


   Skills:
 - Level 1.5 Dodging
 - Level 1.5 Stealth
 - Level 2.6 Spellcasting
 + Level 10.8 Summonings
 - Level 1.1 Invocations


You had 3 spell levels left.
You knew the following spells:

 Your Spells              Type           Power      Damage    Failure   Level
a - Summon Small Mammal   Summ           100%       N/A       1%          1
b - Call Imp              Summ           58%        N/A       1%          2
c - Call Canine Familiar  Summ           58%        N/A       1%          3
d - Summon Lightning Spi  Summ/Air       32%        N/A       10%         4

Your spell library contained the following spells:

 Spells                   Type           Power      Damage    Failure   Level
 Summon Guardian Golem    Hex/Summ       32%        N/A       3%          3
 Animate Skeleton         Necr           6%         N/A       9%          1
 Pain                     Necr           12%        1d4       9%          1
 Corpse Rot               Necr/Air       6%         N/A       14%         2
 Poisonous Vapours        Pois/Air       6%         N/A       14%         2
 Tukima's Dance           Hex            3%         N/A       26%         3
 Vampiric Draining        Necr           3%         2d6       26%         3
 Passage of Golubria      Tloc           3%         N/A       65%         4
 Yara's Violent Unravell  Hex/Tmut       1%         3d3       94%         5


Dungeon Overview and Level Annotations

Branches:
Dungeon (7/15)             Temple (0/1) D:6

Altars:
Cheibriados
Dithmenos
Elyvilon
Fedhas
Makhleb
Qazlal
Trog
Wu Jian
Xom
Yredelemnul

Annotations:
D:2 Natasha
D:5 exclusion: door
D:6 3 runed translucent doors, Bearnado's ghost, novice MiBe


Innate Abilities, Weirdness & Mutations

You are immune to poison.
Your flesh is cold resistant. (rC+)
You are immune to negative energy. (rN+++)
You are immune to unholy pain and torment.
You are vulnerable to heat. (rF-)
You do not drink.


Message History

You kill the gnoll!
Cheibriados appreciates the change of pace.
The gnoll hits you from afar with a +0 spear.
The gnoll closely misses you.
The gnoll throws a throwing net.
The throwing net hits you.
You become entangled in the net!
The gnoll barely misses you.
Unknown command.
Unknown command.
Casting: Call Canine Familiar (safe; 1% risk of failure)
Confirm with . or Enter, or press ? or * to list all spells.
The gnoll hits you from afar with a +0 spear.
The gnoll hits you with a +0 flail!
The gnoll hits you from afar with a +0 spear!
Unknown command.
Unknown command.
Okay, then.
Okay, then.
Okay, then.
You can't drink.
Unknown command.
Okay, then.
Activating: Slouch (54% risk of failure)
Press: ? - help, Dir - look around, f - activate Really Slouch near your wolf?
You fail to use your ability.
The gnoll hits you with a +0 flail.
Your wolf bites the gnoll shaman!
The gnoll hits you from afar with a +0 spear!
* * * LOW HITPOINT WARNING * * *
The gnoll shaman hits you with a +0 whip!
* * * LOW HITPOINT WARNING * * *
The gnoll hits you but does no damage.
Unknown command.
Unknown command.
Okay, then.
You can't drink.
Okay, then.
You struggle against the net.
Your wolf barely misses the gnoll shaman.
The gnoll hits you from afar with a +0 spear.
You die...

.###...##.# #.....#
####.......#.###.#...###
.....#...........#.#....
.....#...........#......
........................
.)......................
...............hg)>.....
................@)g.....
......##...##...g.......
.<....########..........
......# #.....#....
.<...## #.....# ##.
###### #.....# #######


You could see a gnoll shaman (ally target), 2 gnolls and a friendly wolf
(summoned).

Vanquished Creatures
  An ice beast (D:6)
  A lemure (D:6)
  A centaur skeleton (D:7)
  An orc wizard (D:3)
  Natasha (D:2)
  A hound skeleton (D:4)
  A howler monkey zombie (D:6)
  2 gnolls (D:7)
  2 orcs
  2 bats
  3 endoplasms
  3 giant cockroaches
  A goblin (D:3)
  A hobgoblin (D:1)
  A kobold (D:2)
  2 quokkas
  2 frilled lizards
  2 rats
28 creatures vanquished.

Vanquished Creatures (collateral kills)
  Pikel (D:6)
  Grinder (D:4)
  A black bear (D:4)
  3 ogres
  2 necrophages (D:6)
  2 phantoms (D:5)
  A bullfrog (D:6)
  2 scorpions
  A water moccasin zombie (D:5)
  3 wights (D:6)
  A bullfrog zombie (D:5)
  A hound (D:5)
  An orc priest (D:6)
  2 bullfrog skeletons
  3 iguanas (D:5)
  An orc wizard (D:6)
  Natasha (D:2)
  A howler monkey zombie (D:6)
  4 adders
  A shadow imp (D:5)
  A white imp (D:6)
  2 adder skeletons
  A worm (D:2)
  3 dart slugs
  7 orcs
  6 ball pythons
  3 endoplasms
  A giant cockroach (D:1)
  6 goblins
  5 hobgoblins
  7 kobolds
  A quokka (D:2)
  4 bats
  5 frilled lizards
  3 rats
88 creatures vanquished.

Vanquished Creatures (others)
  4 plants (D:6)
4 creatures vanquished.

Grand Total: 120 creatures vanquished

Notes
Turn   | Place    | Note
-------+----------+-------------------------------------------
     0 | D:1      | spaghetti the Mummy Summoner began the quest for the Orb.
     0 | D:1      | Reached XP level 1. HP: 13/13 MP: 4/4
    23 | D:1      | Found a faded altar of an unknown god.
    38 | D:1      | Prayed at the altar of an unknown god.
    38 | D:1      | Became a worshipper of Cheibriados the Contemplative
    38 | D:1      | Reached * piety under Cheibriados
   451 | D:1      | Reached XP level 2. HP: 17/19 MP: 2/5
   465 | D:1      | Learned a level 2 spell: Call Imp
  1040 | D:1      | Reached skill level 4 in Summonings
  1428 | D:2      | Reached XP level 3. HP: 24/24 MP: 0/7
  1533 | D:2      | HP: 1/24 [goblin (1)]
  1926 | D:2      | Reached ** piety under Cheibriados
  2118 | D:2      | Learned a level 3 spell: Call Canine Familiar
  2518 | D:2      | Noticed Natasha
  2531 | D:2      | Killed Natasha
  2532 | D:2      | Reached XP level 4. HP: 16/30 MP: 8/8
  2800 | D:2      | Noticed Natasha
  2817 | D:2      | Killed Natasha
  2894 | D:2      | Noticed Natasha
  3071 | D:3      | Reached skill level 5 in Summonings
  3914 | D:3      | Found a basalt altar of Yredelemnul.
  3943 | D:3      | Found a shadowy altar of Dithmenos.
  3965 | D:3      | Found a stormy altar of Qazlal.
  3966 | D:3      | Noticed an earth elemental
  3975 | D:3      | Noticed a water elemental
  3981 | D:3      | Reached XP level 5. HP: 31/35 MP: 9/9
  4014 | D:3      | Noticed an air elemental
  4015 | D:3      | Noticed a fire elemental
  4506 | D:4      | Noticed a black bear
  4674 | D:4      | Noticed an ogre
  4693 | D:4      | Noticed Grinder
  4699 | D:4      | Killed an ogre
  4699 | D:4      | Reached *** piety under Cheibriados
  4722 | D:4      | Killed a black bear
  4723 | D:4      | Reached skill level 6 in Summonings
  4723 | D:4      | Reached XP level 6. HP: 41/41 MP: 5/10
  4725 | D:4      | Killed Grinder
  4726 | D:4      | Reached skill level 7 in Summonings
  4726 | D:4      | Reached XP level 7. HP: 46/46 MP: 7/11
  5058 | D:4      | Reached skill level 1 in Invocations
  5169 | D:4      | Found a snail-covered altar of Cheibriados.
  5173 | D:4      | Found a bloodstained altar of Trog.
  5176 | D:4      | Found a blossoming altar of Fedhas.
  5176 | D:4      | Found a burning altar of Makhleb.
  5184 | D:4      | Found an ornate altar of the Wu Jian Council.
  5347 | D:5      | Entered Level 5 of the Dungeon
  6320 | D:5      | Reached skill level 8 in Summonings
  6331 | D:5      | Reached XP level 8. HP: 17/52 MP: 12/12
  7412 | D:6      | Noticed Pikel
  7627 | D:6      | Reached skill level 9 in Summonings
  7633 | D:6      | Learned a level 4 spell: Summon Lightning Spire
  7775 | D:6      | Reached **** piety under Cheibriados
  7838 | D:6      | Found a staircase to the Ecumenical Temple.
  8185 | D:6      | Found a runed translucent gate.
  8185 | D:6      | Found a runed translucent gate.
  8185 | D:6      | Found a runed translucent gate.
  8186 | D:6      | Noticed Bearnado's ghost (novice MiBe)
  8697 | D:6      | Killed Pikel
  8698 | D:6      | Reached skill level 10 in Summonings
  8698 | D:6      | Reached XP level 9. HP: 29/57 MP: 13/13
  8997 | D:6      | Found a shimmering altar of Xom.
  9130 | D:7      | HP: 2/57 [gnoll shaman (10)]
  9131 | D:7      | Slain by a gnoll

Illustrated notes

Levels and vault maps discovered:
D:1:      wander_arrival_abandoned_jail, layout_basic,
          ebering_ecumenical_altar_webs
D:2:      layout_basic, kennysheep_generic_room_9, uniq_natasha
D:3:      layout_loops_ring, nicolae_qazlal_style_of_elements,
          mainiacjoe_overflow_large_starburst
D:4:      layout_rooms, nicolae_overflow_hallway_of_the_gods,
          minmay_misc_feat_nine_boxes, uniq_grinder
D:5:      wad_crossroads, layout_basic, kennysheep_cross_room, minivault_24,
          chequers_serial_rivers_small_3, grunt_ministairs_2
D:6:      layout_loops_ring, elyvilon_altar_1, tgw_xom,
          minmay_temple_entry_mist, gammafunk_ghost_nasty_kobolds, uniq_pikel
D:7:      layout_rooms, mainiacjoe_overflow_24_doors, st_stairs_8,
          grunt_decor_one_mirror, kennysheep_generic_room_8

Skill      XL: |  1  2  3  4  5  6  7  8 |
---------------+-------------------------+-----
Summonings     | 4 5 6 7 8 10 | 10.8
Invocations    | 1 |  1.1
Dodging        | |  1.5
Stealth        | |  1.5
Spellcasting   | |  2.6

Action                   |  1- 3 |  4- 6 |  7- 9 || total
-------------------------+-------+-------+-------++-------
Melee: Unarmed           |    59 |       |       ||    59
       Punch             |     1 |       |     1 ||     2
       Dagger            |    30 |    48 |   117 ||   195
       Mace              |       |       |    24 ||    24
 Cast: Summon Small Mamm |    38 |     3 |    11 ||    52
       Call Imp          |    13 |    14 |    18 ||    45
       Call Canine Famil |     2 |    12 |    23 ||    37
       Summon Lightning  |       |       |     1 ||     1
Evoke: Wand              |       |       |     6 ||     6
  Use: Scroll            |       |       |     9 ||     9
 Stab: Sleeping          |     1 |     1 |     1 ||     3
       Distracted        |       |     1 |     1 ||     2
Armor: Robe              |    19 |     7 |    29 ||    55
Dodge: Dodged            |    62 |    41 |    96 ||   199
